 Dungeon Crawl Stone Soup version 0.30-a0-223-gcb0039aa0c (webtiles) character file.

Game seed: 3691437689849101356

152 qw the Chopper (level 5, -2/32 HPs)
             Began as a Gargoyle Fighter on Oct 9, 2022.
             Slain by an iguana (10 damage)
             ... on level 5 of the Dungeon.
             The game lasted 00:00:46 (1743 turns).

qw the Chopper (Gargoyle Fighter)                   Turns: 1743, Time: 00:00:47

Health: -2/32      AC: 14    Str: 22    XL:     5   Next: 34%
Magic:  5/5        EV: 10    Int:  8    God:
Gold:   138        SH:  4    Dex:  9    Spells: 4/4 levels left

rFire   + . .      SeeInvis .    Y - +1 war axe
rCold   . . .      Faith    .    c - +0 buckler
rNeg    + + .      Spirit   .    h - +4 ring mail of the Equinox {+Inv rElec rF+ rN+}
rPois   inf        Reflect  .    (no helmet)
rElec   +          Harm     .    (no cloak)
rCorr   .          Rampage  .    (no gloves)
Will    .....                    i - +0 pair of boots
Stlth   ..........               (no amulet)
HPRegen 0.25/turn                (no ring)
MPRegen 0.09/turn                (no ring)

@: no status effects
A: sickness immunity, AC +4, negative energy resistance 1, electricity
resistance, torment resistance 1, petrification resistance
a: Evoke Invisibility


You were on level 5 of the Dungeon.
You visited 1 branch of the dungeon, and saw 4 of its levels.

You collected 138 gold pieces.


Innate Abilities, Weirdness & Mutations

You are immune to sickness and miasma.
Your stone body is resilient. (AC +4)
You are immune to poison.
You resist negative energy. (rN+)
You are resistant to electric shocks. (rElec)
You are resistant to unholy torment.
You are immune to petrification.


   Skills:
 - Level 3.2 Fighting
 + Level 4.9 Axes
 - Level 3.2 Armour
 - Level 3.2 Shields


You had 4 spell levels left.
You didn't know any spells.
Your spell library was empty.

Inventory:

Hand Weapons
 g - a +0 whip
 Y - a +1 war axe (weapon)
Armour
 a - a +0 chain mail
 c - a +0 buckler (worn)
 h - the +4 ring mail of the Equinox (worn) {+Inv rElec rF+ rN+}
   (You found it on level 2 of the Dungeon)

   rF:        It protects you from fire.
   rElec:     It insulates you from electricity.
   rN:        It protects you from negative energy.
   +Inv:      It lets you turn invisible.
 i - a +0 pair of boots (worn)
Scrolls
 b - a scroll of enchant armour {unknown}
 j - a scroll of identify
Potions
 d - a potion of might
 e - a potion of curing
 f - a potion of flight {unknown}
 k - a potion of brilliance {unknown}
 m - a potion of mutation {unknown}
 n - a potion of degeneration {unknown}
 o - a potion of attraction {unknown}

Dungeon Overview and Level Annotations

Branches:
Dungeon (5/15)
 Temple: D:4-7

Altars:
Kikubaaqudgha


Message History

The ogre is almost dead.
You slash the ogre!
You kill the ogre!
You have reached level 5!
You start resting.
HP restored.
An iguana comes into view.
You hit the iguana but do no damage. The iguana closely misses you.
The iguana bites you but does no damage.
You closely miss the iguana. The iguana closely misses you.
You barely miss the iguana. The iguana barely misses you.
You closely miss the iguana. The iguana closely misses you.
The iguana bites you but does no damage.
You closely miss the iguana. You block the iguana's attack.
You hit the iguana but do no damage.
The iguana bites you but does no damage.
You slash the iguana!
The iguana is heavily wounded.
The iguana bites you! x2
You hit the iguana but do no damage.
The iguana is heavily wounded.
The iguana bites you but does no damage.
You hit the iguana but do no damage.
The iguana is heavily wounded.
The iguana barely misses you.
You barely miss the iguana.
The iguana is heavily wounded.
The iguana bites you! The iguana closely misses you.
You hit the iguana.
The iguana is severely wounded.
The iguana barely misses you.
You completely miss the iguana.
The iguana is severely wounded.
The iguana bites you!
You die...

.# .# .#
####.##.#
#.......#
#.......# .
#!......# #.###
#.l.....#
#.....#@......#
#.....#......$#
#....).......#
#....#.##.#..#
#....#.# ...##
#... #.# .##
#... #.# # #..
#>. #.. ####


You could see an iguana.

Vanquished Creatures
  An ogre (D:5)
  2 adders
  An ufetubus (D:2)
  A worm (D:3)
  An orc (D:3)
  8 bats
  2 endoplasms (D:1)
  2 giant cockroaches
  5 goblins
  2 hobgoblins (D:3)
  2 quokkas
  3 ball pythons
  2 frilled lizards (D:1)
  8 kobolds
  7 rats
47 creatures vanquished.

Vanquished Creatures (others)
  2 plants (D:1)
2 creatures vanquished.

Grand Total: 49 creatures vanquished

Notes
Turn   | Place    | Note
-------+----------+-------------------------------------------
     0 | D:1      | qw the Gargoyle Fighter began the quest for the Orb.
     0 | D:1      | Reached XP level 1. HP: 14/14 MP: 1/1
     0 | D:1      | 0 ||| qw: Version: 0.2-a-17-g06abaee
     0 | D:1      | 0 ||| qw: Game counter: 2194
     0 | D:1      | 0 ||| qw: Always use a shield: true
     0 | D:1      | 0 ||| qw: God list: Okawaru
     0 | D:1      | 0 ||| qw: Allow faded altars: false
     0 | D:1      | 0 ||| qw: Do Orc after D:15 true
     0 | D:1      | 0 ||| qw: Do second Lair branch before Depths: true
     0 | D:1      | 0 ||| qw: Lair rune preference: random
     0 | D:1      | 0 ||| qw: Plans: Normal, Zot:1-4, God:TSO, Crypt, Tomb,
                  | Pan, Slime:5, Hells, Abyss, Orb
     0 | D:1      | 0 ||| PLANNING D:1-11
    42 | D:1      | Reached skill level 2 in Axes
   100 | D:1      | Reached XP level 2. HP: 19/19 MP: 2/2
   301 | D:1      | Found a faded altar of an unknown god.
   412 | D:1      | Reached skill level 3 in Axes
   496 | D:1      | 496 ||| Stepping ~*~*~tactically~*~*~ (stealth).
   591 | D:1      | 591 ||| Stepping ~*~*~tactically~*~*~ (stealth).
   599 | D:1      | 599 ||| Stepping ~*~*~tactically~*~*~ (stealth).
   600 | D:1      | 600 ||| Stepping ~*~*~tactically~*~*~ (stealth).
   630 | D:1      | Reached XP level 3. HP: 23/23 MP: 3/3
   698 | D:1      | 698 ||| UPGRADING to +0 pair of boots.
   703 | D:1      | 703 ||| READING scroll labelled VUNNYLY JEGGID.
   704 | D:1      | 704 ||| READING scroll labelled UFIEVE FOEQ.
   705 | D:1      | 705 ||| READING scroll labelled GYWIBU BASAUKH.
   706 | D:1      | 706 ||| READING scroll labelled KEPNIU MIGU.
   956 | D:2      | Identified the +4 ring mail of the Equinox {+Inv rElec rF+
                  | rN+}
  1510 | D:2      | 1510 ||| UPGRADING to +4 ring mail of the Equinox {+Inv
                  | rElec rF+ rN+}.
  1520 | D:2      | 1520 ||| DROPPING +0 scale mail.
  1521 | D:2      | 1521 ||| READING scroll labelled OVVUECLAQAS.
  1522 | D:2      | 1522 ||| DRINKING 2 purple potions.
  1560 | D:3      | Reached XP level 4. HP: 27/28 MP: 4/4
  1607 | D:3      | 1607 ||| Stepping ~*~*~tactically~*~*~ (stealth).
  1608 | D:3      | 1608 ||| Stepping ~*~*~tactically~*~*~ (stealth).
  1612 | D:3      | 1612 ||| Stepping ~*~*~tactically~*~*~ (stealth).
  1619 | D:3      | Reached skill level 4 in Axes
  1646 | D:3      | Found an ancient bone altar of Kikubaaqudgha.
  1658 | D:3      | You fall into a shaft and drop 2 floors!
  1658 | D:5      | Entered Level 5 of the Dungeon
  1661 | D:5      | Noticed an ogre
  1666 | D:5      | Killed an ogre
  1667 | D:5      | Reached XP level 5. HP: 17/32 MP: 5/5
  1741 | D:5      | HP: 8/32 [iguana (7)]
  1743 | D:5      | Slain by an iguana

Levels and vault maps discovered:
D:1:      minmay_arrival_hallway, layout_basic,
          hellmonk_ecumenical_altar_crossroads, serial_forest,
          infiniplex_forest_straight_1, infiniplex_forest_clump_double,
          infiniplex_forest_clump_double, infiniplex_forest_clump_tiny,
          infiniplex_forest_lined_room_3, infiniplex_forest_clump_long
D:2:      layout_basic
D:3:      layout_loops_ring, mainiacjoe_overflow_brackets,
          mainiacjoe_overflow_small_starburst, uniq_terence
D:5:      layout_basic, grunt_dithmenos_smoke_and_mirrors, uniq_blork_the_orc,
          uniq_prince_ribbit1

Skill      XL: |  1  2  3  4 |
---------------+-------------+-----
Axes           | 2 3 4 |  4.9
Fighting       | |  3.2
Armour         | |  3.2
Shields        | |  3.2

Action                   |  1- 3 |  4- 6 || total
-------------------------+-------+-------++-------
Melee: War axe           |   115 |    29 ||   144
  Use: Scroll            |     5 |       ||     5
       Potion            |     1 |       ||     1
Armor: Scale mail        |    78 |       ||    78
       Ring mail         |     4 |     9 ||    13
Dodge: Dodged            |    54 |     9 ||    63
Block: Buckler           |    25 |     2 ||    27

Table legend:
 A = Non-vault XP
 B = Vault XP
 C = Vault XP percentage of total XP
 D = Non-vault monster count
 E = Vault monster count
 F = Vault count percentage of total count
                 A         B        C        D         E       F
            +---------+---------+-------+---------+---------+-------
      Total |     218 |       0 |   0.0 |      47 |       0 |   0.0
            +---------+---------+-------+---------+---------+-------
        D:1 |      39 |       0 |   0.0 |      26 |       0 |   0.0
        D:2 |      39 |       0 |   0.0 |      13 |       0 |   0.0
        D:3 |      27 |       0 |   0.0 |       7 |       0 |   0.0
        D:5 |     113 |       0 |   0.0 |       1 |       0 |   0.0
            +---------+---------+-------+---------+---------+-------
